 Dungeon Crawl Stone Soup version 0.29.1-1-gd02db6906a (webtiles) character file.

Game seed: 7355918970988125609

3084 Zeld the Cleaver (level 9, 0/121 HPs)
             Began as a Minotaur Berserker on Oct 9, 2022.
             Was a High Priest of Trog.
             Slain by Erolcha
             ... wielding a +0 giant club
              (32 damage)
             ... on level 9 of the Dungeon.
             The game lasted 00:08:59 (9266 turns).

Zeld the Cleaver (Minotaur Berserker)               Turns: 9266, Time: 00:08:59

Health: 0/121      AC: 20    Str: 27    XL:     9   Next: 58%
Magic:  8/8        EV:  9    Int:  4    God:    Trog [*****.]
Gold:   196        SH:  0    Dex:  9    Spells: 8/8 levels left

rFire   . . .      SeeInvis .   a - +1 battleaxe (vorpal)
rCold   . . .      Faith    .   (shield currently unavailable)
rNeg    . . .      Spirit   .   b - +0 plate armour
rPois   .          Reflect  .   (helmet restricted)
rElec   .          Harm     .   F - +0 cloak
rCorr   .          Rampage  +   w - +2 pair of gloves
Will    .....                   H - +1 pair of boots {rampage}
Stlth   ..........              (no amulet)
HPRegen 0.30/turn               (no ring)
MPRegen 0.11/turn               (no ring)

@: berserking, very quick
A: horns 2, retaliatory headbutt
a: Renounce Religion, Berserk, Trog's Hand, Brothers in Arms


You were on level 9 of the Dungeon.
You worshipped Trog.
Trog was extremely pleased with you.
You visited 2 branches of the dungeon, and saw 10 of its levels.

You collected 688 gold pieces.
You spent 492 gold pieces at shops.

Inventory:

Hand Weapons
 a - a +1 vorpal battleaxe (weapon)
Missiles
 q - 13 poisoned darts
 s - 4 silver boomerangs
 L - a curare-tipped dart
Armour
 b - a +0 plate armour (worn)
 w - a +2 pair of gloves (worn)
 F - a +0 cloak (worn)
 H - a +1 pair of boots of rampaging (worn)
Jewellery
 K - a +4 ring of evasion
Wands
 z - a wand of mindburst (13)
 C - a wand of charming (3)
 I - a wand of flame (16)
Scrolls
 c - 5 scrolls of identify {unknown}
 d - 3 scrolls of teleportation {unknown}
 f - 2 scrolls of immolation {unknown}
 h - a scroll of vulnerability {unknown}
 k - 4 scrolls of poison {unknown}
 l - a scroll of torment {unknown}
 o - a scroll of enchant armour {unknown}
 t - a scroll of acquirement {unknown}
 x - 2 scrolls of blinking {unknown}
 y - a scroll of magic mapping {unknown}
 A - a scroll of fear {unknown}
 B - a scroll of butterflies {unknown}
 D - a scroll of brand weapon {unknown}
 E - a scroll of silence {unknown}
 G - a scroll of summoning {unknown}
Potions
 e - 3 potions of magic {unknown}
 g - 3 potions of curing {unknown}
 i - a potion of heal wounds {unknown}
 j - 2 potions of lignification {unknown}
 m - 3 potions of might {unknown}
 n - 2 potions of brilliance {unknown}
 p - a potion of resistance {unknown}
 r - 3 potions of degeneration {unknown}
 u - a potion of attraction {unknown}
 v - 2 potions of cancellation {unknown}
 J - a potion of flight {unknown}


   Skills:
 + Level 8.0 Fighting
 * Level 10.8 Axes
 + Level 7.6 Armour
 + Level 7.0 Dodging


You had 8 spell levels left.
You didn't know any spells.
Your spell library was empty.

Dungeon Overview and Level Annotations

Branches:
Dungeon (9/15)             Temple (1/1) D:6
   Lair: D:8-11         Orc: D:9-12

Altars:
Cheibriados
Elyvilon
Fedhas
Gozag
Hepliaklqana
Kikubaaqudgha
Makhleb
Nemelex Xobeh
Okawaru
Qazlal
Ru
Sif Muna
Trog
Vehumet
Wu Jian
Zin
The Shining One

Shops:
D:1 *=:   D:5 [

Annotations:
D:9 Erolcha, Maggie


Innate Abilities, Weirdness & Mutations

You have a pair of horns on your head.
You reflexively headbutt those who attack you in melee.


Message History

Trog appreciates your killing of a magic user.
You closely miss the orc. The orc hits you but does no damage.
Your Dodging skill increases to level 7!
Unknown command.
Unknown command.
You slash the orc!
You kill the orc!
Trog accepts your kill.
You slice the orc!!
You kill the orc!
Trog accepts your kill.
Unknown command.
No target in view!
You start waiting.
An orc priest comes into view. It is wielding a +2 whip of pain.
An orc priest is nearby!
Erolcha the Cunning comes into view.
She is wielding a +0 giant club.
The orc priest begins to cast a cantrip, but forgets the words!
Items here: " ))) ? [[ †.
You slash the orc priest!
You kill the orc priest!
Trog accepts your kill.
Erolcha mumbles some strange words.
Erolcha flickers and vanishes!
Deactivating autopickup; reactivate with Ctrl-A.
No target in view!
Something tries to affect you, but you resist.
You start waiting.
Something hits you!
You barely miss something. Something hits you!
You closely miss something.
A red film seems to cover your vision as you go berserk!
You feel yourself moving faster!
You feel mighty! Something hits you!!
You barely miss something. Something hits you!!
* * * LOW HITPOINT WARNING * * *
You are too injured to fight recklessly!
You slash something! Your headbutt misses something.
Unknown command.
You slash something! Something hits you!!
You die...

################
#...@{.........#
#.####.#####...# #.#
#...# #.# ###...# ## #
#.###.....# ... #.
#{##..#...#....
#.####))..##...#...#
.####....)...###.......#
............####...#...#


There were no monsters in sight!

Vanquished Creatures
  Grinder (D:6)
  Sigmund (D:5)
  A wyvern (D:9)
  A centaur (D:8)
  3 ogres
  A phantom (D:6)
  Blork the orc (D:5)
  2 kobold brigands
  4 bullfrogs
  A gnoll sergeant (D:7)
  5 scorpions
  A necrophage (D:6)
  3 howler monkeys
  7 hounds
  A gnoll bouda (D:8)
  3 iguanas
  A jelly (D:6)
  3 orc priests
  Ijyb (D:5)
  10 orc wizards
  Robin (D:2)
  21 gnolls
  6 adders
  2 shadow imps
  A white imp (D:4)
  2 ufetubi (D:7)
  4 worms
  A dart slug (D:1)
  26 orcs
  9 ball pythons
  7 bats
  7 endoplasms
  5 giant cockroaches
  21 goblins
  12 hobgoblins
  6 jackals
  3 quokkas
  5 frilled lizards
  18 kobolds
  8 rats
216 creatures vanquished.

Notes
Turn   | Place    | Note
-------+----------+-------------------------------------------
     0 | D:1      | Zeld the Minotaur Berserker began the quest for the Orb.
     0 | D:1      | Reached XP level 1. HP: 19/19 MP: 0/0
    97 | D:1      | Reached skill level 4 in Axes
    97 | D:1      | Reached XP level 2. HP: 11/27 MP: 1/1
   496 | D:1      | Found a faded altar of an unknown god.
   526 | D:1      | Found Untuesh's General Store.
   546 | D:1      | Reached XP level 3. HP: 33/33 MP: 2/2
   552 | D:1      | Found Qiehul's Jewellery Shoppe.
   624 | D:1      | Reached ** piety under Trog
   961 | D:1      | Found Merphun's Book Boutique.
  1276 | D:2      | Noticed Robin
  1286 | D:2      | Killed Robin
  1287 | D:2      | Reached XP level 4. HP: 24/40 MP: 3/3
  1511 | D:2      | Reached skill level 5 in Axes
  1875 | D:2      | Reached *** piety under Trog
  1920 | D:2      | Identified the +7 dagger of the Modern Thickets {speed, rC+
                  | Dex+2 Stlth+}
  2141 | D:2      | Reached XP level 5. HP: 39/47 MP: 4/4
  2908 | D:3      | Found a shimmering blue altar of Sif Muna.
  3217 | D:1      | Bought 4 silver boomerangs for 72 gold pieces
  3708 | D:4      | Reached XP level 6. HP: 50/55 MP: 5/5
  3751 | D:4      | Reached **** piety under Trog
  3849 | D:4      | Reached skill level 6 in Axes
  4138 | D:4      | Found a snail-covered altar of Cheibriados.
  4249 | D:4      | Reached skill level 5 in Fighting
  4395 | D:4      | Found an opulent altar of Gozag.
  4596 | D:4      | Reached XP level 7. HP: 59/61 MP: 6/6
  4723 | D:5      | Entered Level 5 of the Dungeon
  4723 | D:5      | Found Lutyam's Antique Armour Emporium.
  4726 | D:5      | Bought a pair of glowing gloves for 210 gold pieces
  4852 | D:5      | Reached skill level 7 in Axes
  5044 | D:5      | Noticed Sigmund
  5054 | D:5      | Killed Sigmund
  5055 | D:5      | Reached skill level 5 in Armour
  5183 | D:5      | Noticed Ijyb
  5193 | D:5      | Killed Ijyb
  5194 | D:5      | Reached skill level 5 in Dodging
  5391 | D:5      | Noticed Blork the orc
  5399 | D:5      | Killed Blork the orc
  5400 | D:5      | Reached skill level 8 in Axes
  5400 | D:5      | Reached XP level 8. HP: 47/70 MP: 7/7
  5827 | D:5      | Found an ornate altar of the Wu Jian Council.
  6162 | D:6      | Found a radiant altar of Vehumet.
  6235 | D:6      | Reached skill level 9 in Axes
  6744 | D:6      | Found a staircase to the Ecumenical Temple.
  6751 | Temple   | Entered the Ecumenical Temple
  6841 | D:6      | Noticed Grinder
  6850 | D:6      | Killed Grinder
  6851 | D:6      | Reached XP level 9. HP: 64/79 MP: 8/8
  7086 | D:7      | Reached ***** piety under Trog
  7177 | D:5      | Bought a pair of runed boots for 210 gold pieces
  7731 | D:7      | Found a stormy altar of Qazlal.
  7929 | D:7      | Reached skill level 10 in Axes
  8128 | D:7      | Found a burning altar of Makhleb.
  8498 | D:8      | Received a gift from Trog
  8879 | D:8      | Found a hazy altar of Hepliaklqana.
  9200 | D:9      | Found a glowing silver altar of Zin.
  9200 | D:9      | Found a glowing golden altar of the Shining One.
  9202 | D:9      | Found a white marble altar of Elyvilon.
  9229 | D:9      | Noticed Maggie
  9247 | D:9      | Noticed Erolcha
  9266 | D:9      | Slain by Erolcha

Illustrated notes

Levels and vault maps discovered:
D:1:      lemuel_arrival_river_ford, layout_basic, serial_shops, shop, shop,
          shop, shapermc_ecumenical_altar_mp_highgroup, minmay_octomino_j4
D:2:      layout_basic, uniq_robin
D:3:      layout_rooms, mainiacjoe_overflow_tiny_flanked
D:4:      layout_cave_pods, slow_altar_2,
          mainiacjoe_overflow_concentric_impassable, cheibrodos_gnoll_hut
D:5:      layout_loops_cross, marbit_many_paths, serial_shops,
          nicolae_stop_n_shop_2, uniq_ijyb, uniq_blork_the_orc, uniq_sigmund
D:6:      layout_basic, general_overflow_altar, minmay_temple_entry_nine_rooms,
          uniq_grinder
D:7:      layout_loops_ring, makhleb_heckhound_becter,
          mainiacjoe_overflow_brackets
D:8:      layout_rooms, lemuel_doored_altar
D:9:      layout_long_grid, dreamdust_divine_triumvirate,
          ashenzari_conservatory_becter, nicolae_two_hexagons,
          hangedman_decor_growths, minivault_25, nzn_random_ring, uniq_maggie,
          uniq_erolcha
Temple:   nicolae_temple_ecumenical_triangle

Skill      XL: |  1  2  3  4  5  6  7  8  9 |
---------------+----------------------------+-----
Axes           | 4 5 6 8 9 10 | 10.8
Fighting       | 4 5 6 7 8 |  8.0
Armour         | 3 4 5 6 7 |  7.6
Dodging        | 3 4 5 6 7 |  7.0

Action                   |  1- 3 |  4- 6 |  7- 9 || total
-------------------------+-------+-------+-------++-------
Melee: Hand axe          |    71 |   168 |   187 ||   426
       Headbutt          |    10 |    20 |    46 ||    76
       Punch             |     1 |     1 |     2 ||     4
       War axe           |       |       |    48 ||    48
       Battleaxe         |       |       |    38 ||    38
Invok: Berserk           |     1 |       |     1 ||     2
 Stab: Sleeping          |     1 |       |       ||     1
       Distracted        |       |       |     1 ||     1
Armor: Animal skin       |    18 |     8 |       ||    26
       Chain mail        |       |    85 |    42 ||   127
       Plate armour      |       |       |   133 ||   133
Dodge: Dodged            |    52 |    90 |   114 ||   256
